Kings vs Stars

Created - 14 février 2018 at 20:03

Goals
1 2 3 OT1 T
Kings 1 1 0 1 3
Stars 0 0 2 0 2
Shots
1 2 3 OT1 T
Kings 7 19 2 1 29
Stars 6 11 8 4 29

1st period

1. Kings , Colton Sceviour 12 (Daniel Sedin 30, Zemgus Girgensons 4) at 8:23

Penalties :
Mark Stuart (LOS) for Hooking (Minor) at 11:00, Nikita Nesterov (DAL) for Slashing (Minor) at 16:42

2nd period

2. Kings , Mark Stuart 4 (Joel Armia 4, Joe Pavelski 40) at 8:09

Penalties :
No Penalty

3rd period

3. Stars , Paul Stastny 12 (John Klingberg 18) at 8:19
4. Stars , Paul Byron 21 (Paul Stastny 23, Victor Hedman 27) at 17:03

Penalties :
No Penalty

Overtime #1

5. Kings , Tomas Tatar 16 (Patrik Berglund 16, Dan Hamhuis 20) at 4:35

Penalties :
No Penalty

Goalie Stats

Henrik Lundqvist (LOS), 27 saves from 29 shots - (0.931), W, 26-13-2, 64:36 minutes
Jonathan Quick (DAL), 26 saves from 29 shots - (0.897), OTL, 20-16-11, 64:36 minutes

Players Stats for Kings

Player Name              G  A  P  +/- PIM S  H  SB GA TA FO     MP     PP MP  PK MP  
------------------------------------------------------------------------------------
Andrei Markov            0  0  0   0  0   2  0  0  0  0  0/0    24:38   0:58   0:46 
Austin Watson            0  0  0  -1  0   2  4  0  0  0  1/1    16:24   0:10   0:48 
Colton Sceviour          1  0  1   1  0   2  2  1  0  0  0/3    18:18   0:58   1:02 
Dan Hamhuis              0  1  1   1  0   0  2  1  0  0  0/0    19:59   0:58   0:54 
Daniel Sedin             0  1  1   1  0   4  0  0  0  0  0/1    20:51   1:08   0:31 
Derek MacKenzie          0  0  0   1  0   0  1  0  0  0  3/7     8:52   0:00   0:41 
Fedor Tyutin             0  0  0   0  0   0  2  0  0  0  0/0    23:52   0:51   0:30 
Joe Pavelski             0  1  1   0  0   2  1  0  0  0  11/25  26:20   0:58   0:44 
Joel Armia               0  1  1   1  0   2  1  0  0  0  0/0     7:39   0:00   0:00 
Jonathan Toews           0  0  0   0  0   0  0  0  0  0  1/1     0:02   0:00   0:00 
Kevin Gravel             0  0  0   0  0   0  0  2  0  0  0/0    18:22   0:10   1:05 
Mark Stuart              1  0  1   0  2   1  1  0  0  0  0/0    18:52   0:10   0:00 
Mikael Granlund          0  0  0  -1  0   3  0  0  0  0  0/0    20:20   0:51   0:13 
Patrik Berglund          0  1  1   0  0   1  0  0  0  0  0/1    18:10   0:51   0:00 
Stephen Johns            0  0  0   0  0   0  1  1  0  0  0/0    17:25   0:51   0:29 
Tomas Tatar              1  0  1   1  0   7  1  0  0  0  0/1    18:49   0:10   0:00 
Victor Rask              0  0  0  -1  0   1  0  0  0  0  10/22  16:48   0:00   0:13 
Zemgus Girgensons        0  1  1   0  0   2  0  0  0  0  8/13   16:07   0:51   0:00 

Players Stats for Stars

Player Name              G  A  P  +/- PIM S  H  SB GA TA FO     MP     PP MP  PK MP  
------------------------------------------------------------------------------------
Brandon Manning          0  0  0   0  0   0  0  0  0  0  0/0     0:18   0:00   0:18 
Devin Shore              0  0  0  -2  0   2  1  0  0  0  8/15   16:16   0:00   0:36 
Duncan Keith             0  0  0   0  0   0  2  0  0  0  0/0    23:27   1:07   1:13 
Jakub Voracek            0  0  0   0  0   1  0  0  0  0  0/1    18:31   0:52   0:00 
Jason Demers             0  0  0  -1  0   0  0  1  0  0  0/0    14:22   0:00   0:00 
Joel Vermin              0  0  0   0  0   0  0  0  0  0  0/2     8:14   0:00   0:00 
John Klingberg           0  1  1   1  0   0  2  0  0  0  0/0    20:49   0:52   1:04 
John Mitchell            0  0  0  -1  0   2  1  0  0  0  0/0    15:48   0:00   0:00 
Jonathan Huberdeau       0  0  0   0  0   4  0  0  0  0  1/3    19:32   0:52   1:01 
Jonny Brodzinski         0  0  0  -1  0   1  0  0  0  0  0/2    15:12   0:00   0:00 
Michael Bournival        0  0  0   0  0   0  2  0  0  0  0/0     8:14   0:00   0:00 
Nikita Nesterov          0  0  0  -1  2   0  2  0  0  0  0/0    14:21   0:00   0:00 
Paul Byron               1  0  1   0  0   3  0  0  0  0  2/2    19:46   1:07   0:43 
Paul Stastny             1  1  2   1  0   8  0  0  0  0  10/20  19:54   1:07   1:08 
Sidney Crosby            0  0  0   0  0   3  0  0  0  0  20/30  26:53   0:52   0:15 
Tommy Wingels            0  0  0   1  0   1  1  0  0  0  0/0    18:53   1:07   0:15 
Victor Hedman            0  1  1   0  0   4  0  1  0  0  0/0    25:23   1:07   0:28 
Zdeno Chara              0  0  0   0  0   0  1  0  0  0  0/0    25:55   0:52   0:55 

3 Stars

1 - Paul Stastny (DAL)
2 - Colton Sceviour (LOS)
3 - Tomas Tatar (LOS)

Power Play

Kings - 0 on 1 Attempt(s) - 0.00%
Stars - 0 on 1 Attempt(s) - 0.00%

Penalty Kill

Kings - 1 on 1 Attempt(s) - 100.00% - Score 0 goal in Penalty Kill
Stars - 1 on 1 Attempt(s) - 100.00% - Score 0 goal in Penalty Kill

Team Stat

Kings - Hits : 16 - Faceoff Wins : 34 - Blocked Shots : 5 - Penalty Minutes : 2
Stars - Hits : 12 - Faceoff Wins : 41 - Blocked Shots : 2 - Penalty Minutes : 2

Official

Referees : Marc Joannette and Rob Martell
Linesman : Ryan Galloway and Scott Driscoll

Game Notes

Jonathan Toews is injured at 0:08 of 1st period (Sprained Right Finger)

Finance

Level 1 -- Attendance: 2884 (48.07%) -- Ticket Income 533 540 $
Level 2 -- Attendance: 2518 (50.36%) -- Ticket Income 327 340 $
Level 3 -- Attendance: 1572 (78.60%) -- Ticket Income 165 060 $
Level 4 -- Attendance: 1153 (25.44%) -- Ticket Income 86 475 $
Luxury Box -- Attendance: 475 (47.50%) -- Ticket Income 171 000 $
Game was played at the American Airlines Center.
Total Attendance: 8602 (46.42%)
Total Ticket Income: 1 283 415 $
Other Income: 192 512 $
Total Income: 1 475 927 $

% Time on Ice - Kings

Lines # - Real PCT - Wanted PCT - Time Play
Normal Forward
1 - 30% - 40% - 16:45
2 - 31% - 30% - 17:28
3 - 26% - 20% - 14:19
4 - 13% - 10% - 7:30
Normal Defense
1 - 34% - 40% - 19:18
2 - 36% - 30% - 20:04
3 - 27% - 20% - 15:07
4 - 3% - 10% - 1:33
PP Forward
1 - 43% - 60% - 0:51
2 - 57% - 40% - 1:08
PP Defense
1 - 92% - 60% - 1:49
2 - 8% - 40% - 0:10
PK Forward
1 - 89% - 60% - 1:46
2 - 11% - 40% - 0:13
PK Defense
1 - 30% - 60% - 0:36
2 - 70% - 40% - 1:23
PK3 Forward
1 - 0% - 60%
2 - 0% - 40%
PK3 Defense
1 - 0% - 60%
2 - 0% - 40%
44 Forward
1 - 0% - 60%
2 - 0% - 40%
44 Defense
1 - 0% - 60%
2 - 0% - 40%
Last Minute Offensive  - 0:00
Last Minute Defensive  - 0:00
Total
Forward - 60:00
Defense - 60:00

% Time on Ice - Stars

Lines # - Real PCT - Wanted PCT - Time Play
Normal Forward
1 - 28% - 40% - 15:53
2 - 30% - 30% - 16:43
3 - 27% - 20% - 15:12
4 - 15% - 10% - 8:14
Normal Defense
1 - 35% - 40% - 19:42
2 - 34% - 30% - 18:53
3 - 26% - 20% - 14:22
4 - 6% - 10% - 3:05
PP Forward
1 - 44% - 60% - 0:52
2 - 56% - 40% - 1:07
PP Defense
1 - 56% - 60% - 1:07
2 - 44% - 40% - 0:52
PK Forward
1 - 87% - 60% - 1:44
2 - 13% - 40% - 0:15
PK Defense
1 - 61% - 60% - 1:13
2 - 39% - 40% - 0:46
PK3 Forward
1 - 0% - 60%
2 - 0% - 40%
PK3 Defense
1 - 0% - 60%
2 - 0% - 40%
44 Forward
1 - 0% - 60%
2 - 0% - 40%
44 Defense
1 - 0% - 60%
2 - 0% - 40%
Last Minute Offensive  - 0:00
Last Minute Defensive  - 0:00
Total
Forward - 60:00
Defense - 60:00

Play by Play

1st period


0:01 of 1st period - Joe Pavelski wins face-off versus Sidney Crosby in neutral zone.
0:04 of 1st period - Shot by Mikael Granlund.
0:04 of 1st period - Shot Blocked by Victor Hedman.
0:06 of 1st period - Shot by Andrei Markov.
0:06 of 1st period - Stopped by Jonathan Quick without a rebound.
0:07 of 1st period - Jonathan Toews wins face-off versus Paul Stastny in Stars zone.
0:07 of 1st period - Jonathan Toews is hit by John Klingberg.
0:08 of 1st period - Jonathan Toews from Kings is injured at 0:08 of 1st period (Sprained Right Finger).
0:09 of 1st period - Devin Shore wins face-off versus Victor Rask in Stars zone.
0:09 of 1st period - Devin Shore is hit by Tomas Tatar.
0:22 of 1st period - Icing by Austin Watson.
0:23 of 1st period - Austin Watson wins face-off versus Paul Stastny in Kings zone.
0:54 of 1st period - Shot by Paul Byron.
0:54 of 1st period - Shot Misses the Net.
1:27 of 1st period - Icing by Stephen Johns.
1:28 of 1st period - Victor Rask wins face-off versus Devin Shore in Kings zone.
1:46 of 1st period - Jonny Brodzinski is hit by Stephen Johns and loses puck.
3:02 of 1st period - Shot by Jonathan Huberdeau.
3:02 of 1st period - Stopped by Henrik Lundqvist with a rebound.
3:04 of 1st period - Shot by Zdeno Chara.
3:04 of 1st period - Shot Misses the Net.
3:34 of 1st period - Paul Stastny is hit by Fedor Tyutin and loses puck.
3:56 of 1st period - Shot by Paul Stastny.
3:56 of 1st period - Shot Misses the Net.
4:18 of 1st period - Icing by Victor Hedman.
4:19 of 1st period - Sidney Crosby wins face-off versus Daniel Sedin in Stars zone.
5:25 of 1st period - Off-side.
5:26 of 1st period - Paul Byron wins face-off versus Derek MacKenzie in neutral zone.
5:28 of 1st period - Duncan Keith is hit by Austin Watson and loses puck.
5:55 of 1st period - Shot by Joel Armia.
5:55 of 1st period - Stopped by Jonathan Quick with a rebound.
6:08 of 1st period - Icing by John Klingberg.
6:09 of 1st period - Joe Pavelski wins face-off versus Paul Stastny in Stars zone.
6:14 of 1st period - Shot by Mikael Granlund.
6:14 of 1st period - Stopped by Jonathan Quick without a rebound.
6:15 of 1st period - Joe Pavelski wins face-off versus Sidney Crosby in Stars zone.
6:20 of 1st period - Shot by Joe Pavelski.
6:20 of 1st period - Deflect By Daniel Sedin.
6:20 of 1st period - Shot Misses the Net.
6:39 of 1st period - Icing by Joe Pavelski.
6:40 of 1st period - Devin Shore wins face-off versus Joe Pavelski in Kings zone.
6:41 of 1st period - Shot by John Mitchell.
6:41 of 1st period - Stopped by Henrik Lundqvist without a rebound.
6:42 of 1st period - Devin Shore wins face-off versus Victor Rask in Kings zone.
6:45 of 1st period - Shot by Jonny Brodzinski.
6:45 of 1st period - Shot Misses the Net.
6:53 of 1st period - Shot by Victor Hedman.
6:53 of 1st period - Stopped by Henrik Lundqvist without a rebound.
6:54 of 1st period - Derek MacKenzie wins face-off versus Sidney Crosby in Kings zone.
6:58 of 1st period - Off-side.
6:59 of 1st period - Jonathan Huberdeau wins face-off versus Joe Pavelski in neutral zone.
7:34 of 1st period - Sidney Crosby is hit by Dan Hamhuis and loses puck.
8:13 of 1st period - Shot by Paul Stastny.
8:13 of 1st period - Stopped by Henrik Lundqvist without a rebound.
8:14 of 1st period - Zemgus Girgensons wins face-off versus Devin Shore in Kings zone.
8:23 of 1st period - Shot by Colton Sceviour.
8:23 of 1st period - Goal by Colton Sceviour - Kings : 1 - Stars : 0.
8:24 of 1st period - Victor Rask wins face-off versus Joel Vermin in neutral zone.
8:45 of 1st period - Shot by Victor Rask.
8:45 of 1st period - Deflect By Tomas Tatar.
8:45 of 1st period - Stopped by Jonathan Quick with a rebound.
9:25 of 1st period - Shot by Zemgus Girgensons.
9:25 of 1st period - Shot Hit the Post.
10:13 of 1st period - Joel Armia is hit by John Mitchell and loses puck.
10:24 of 1st period - Shot by Jonny Brodzinski.
10:24 of 1st period - Shot Misses the Net.
10:31 of 1st period - Off-side.
10:32 of 1st period - Victor Rask wins face-off versus Jakub Voracek in neutral zone.
10:45 of 1st period - Shot by Tomas Tatar.
10:45 of 1st period - Stopped by Jonathan Quick with a rebound.
11:00 of 1st period - Minor Penalty to Mark Stuart for Hooking.
11:01 of 1st period - Paul Byron wins face-off versus Colton Sceviour in Kings zone.
11:16 of 1st period - Shot by Paul Stastny.
11:16 of 1st period - Shot Blocked by Kevin Gravel.
11:18 of 1st period - Shot by Paul Byron.
11:18 of 1st period - Stopped by Henrik Lundqvist without a rebound.
11:19 of 1st period - Joe Pavelski wins face-off versus Sidney Crosby in Kings zone.
11:51 of 1st period - Shot by Jonathan Huberdeau.
11:51 of 1st period - Stopped by Henrik Lundqvist with a rebound.
14:05 of 1st period - Stephen Johns is hit by Michael Bournival and loses puck.
14:24 of 1st period - Shot by Colton Sceviour.
14:24 of 1st period - Shot Misses the Net.
16:42 of 1st period - Minor Penalty to Nikita Nesterov for Slashing.
16:43 of 1st period - Joe Pavelski wins face-off versus Paul Stastny in Stars zone.
16:44 of 1st period - Shot by Andrei Markov.
16:44 of 1st period - Stopped by Jonathan Quick without a rebound.
16:45 of 1st period - Paul Stastny wins face-off versus Joe Pavelski in Stars zone.
16:54 of 1st period - Duncan Keith is hit by Joe Pavelski and loses puck.
17:28 of 1st period - Shot by Paul Stastny.
17:28 of 1st period - Shot Blocked by Colton Sceviour.
18:19 of 1st period - Icing by Mikael Granlund.
18:20 of 1st period - Zemgus Girgensons wins face-off versus Paul Stastny in Kings zone.
19:08 of 1st period - Shot by Jonny Brodzinski.
19:08 of 1st period - Shot Hit the Post.
19:10 of 1st period - Shot by John Mitchell.
19:10 of 1st period - Shot Misses the Net.
19:21 of 1st period - Victor Rask is hit by Duncan Keith and loses puck.
Goals for this period are 1 for Kings vs 0 for Stars.
Shots for this period are 7 for Kings vs 6 for Stars.

2nd period


0:01 of 2nd period - Sidney Crosby wins face-off versus Joe Pavelski in neutral zone.
0:31 of 2nd period - Shot by Jonathan Huberdeau.
0:31 of 2nd period - Shot Misses the Net.
0:58 of 2nd period - Off-side.
0:59 of 2nd period - Paul Stastny wins face-off versus Victor Rask in neutral zone.
1:10 of 2nd period - Shot by Austin Watson.
1:10 of 2nd period - Stopped by Jonathan Quick without a rebound.
1:11 of 2nd period - Zemgus Girgensons wins face-off versus Devin Shore in Stars zone.
1:25 of 2nd period - Shot by Daniel Sedin.
1:25 of 2nd period - Stopped by Jonathan Quick with a rebound.
1:27 of 2nd period - Shot by Daniel Sedin.
1:27 of 2nd period - Shot Misses the Net.
2:24 of 2nd period - Shot by Paul Byron.
2:24 of 2nd period - Shot Misses the Net.
2:26 of 2nd period - Shot by Paul Stastny.
2:26 of 2nd period - Stopped by Henrik Lundqvist without a rebound.
2:27 of 2nd period - Victor Rask wins face-off versus Sidney Crosby in Kings zone.
2:46 of 2nd period - Shot by Jonathan Huberdeau.
2:46 of 2nd period - Stopped by Henrik Lundqvist without a rebound.
2:47 of 2nd period - Sidney Crosby wins face-off versus Zemgus Girgensons in Kings zone.
3:10 of 2nd period - Shot by Sidney Crosby.
3:10 of 2nd period - Shot Misses the Net.
3:42 of 2nd period - Shot by Paul Stastny.
3:42 of 2nd period - Stopped by Henrik Lundqvist without a rebound.
3:43 of 2nd period - Devin Shore wins face-off versus Victor Rask in Kings zone.
3:56 of 2nd period - Shot by Tomas Tatar.
3:56 of 2nd period - Stopped by Jonathan Quick without a rebound.
3:57 of 2nd period - Derek MacKenzie wins face-off versus Paul Stastny in Stars zone.
4:17 of 2nd period - Shot by Joel Armia.
4:17 of 2nd period - Shot Blocked by Jason Demers.
4:19 of 2nd period - Shot by Joel Armia.
4:19 of 2nd period - Stopped by Jonathan Quick without a rebound.
4:20 of 2nd period - Sidney Crosby wins face-off versus Zemgus Girgensons in Stars zone.
4:20 of 2nd period - Sidney Crosby is hit by Colton Sceviour.
4:38 of 2nd period - Shot by Daniel Sedin.
4:38 of 2nd period - Shot Misses the Net.
5:03 of 2nd period - Off-side.
5:04 of 2nd period - Paul Stastny wins face-off versus Joe Pavelski in neutral zone.
5:09 of 2nd period - Shot by Paul Stastny.
5:09 of 2nd period - Stopped by Henrik Lundqvist with a rebound.
5:11 of 2nd period - Shot by Paul Stastny.
5:11 of 2nd period - Shot Misses the Net.
5:32 of 2nd period - Shot by Paul Stastny.
5:32 of 2nd period - Shot Misses the Net.
5:35 of 2nd period - Paul Stastny is hit by Fedor Tyutin and loses puck.
6:11 of 2nd period - Shot by Jason Demers.
6:11 of 2nd period - Shot Misses the Net.
6:13 of 2nd period - Shot by John Mitchell.
6:13 of 2nd period - Stopped by Henrik Lundqvist without a rebound.
6:14 of 2nd period - Sidney Crosby wins face-off versus Colton Sceviour in Kings zone.
6:30 of 2nd period - Shot by Daniel Sedin.
6:30 of 2nd period - Stopped by Jonathan Quick without a rebound.
6:31 of 2nd period - Sidney Crosby wins face-off versus Victor Rask in Stars zone.
6:31 of 2nd period - Sidney Crosby is hit by Austin Watson.
6:57 of 2nd period - Shot by Sidney Crosby.
6:57 of 2nd period - Stopped by Henrik Lundqvist without a rebound.
6:58 of 2nd period - Zemgus Girgensons wins face-off versus Paul Stastny in Kings zone.
7:24 of 2nd period - Shot by Daniel Sedin.
7:24 of 2nd period - Deflect By Colton Sceviour.
7:24 of 2nd period - Stopped by Jonathan Quick with a rebound.
7:51 of 2nd period - Shot by Joe Pavelski.
7:51 of 2nd period - Shot Misses the Net.
7:53 of 2nd period - Shot by Derek MacKenzie.
7:53 of 2nd period - Shot Misses the Net.
8:07 of 2nd period - Shot by Joel Armia.
8:07 of 2nd period - Shot Misses the Net.
8:09 of 2nd period - Shot by Mark Stuart.
8:09 of 2nd period - Goal by Mark Stuart - Kings : 2 - Stars : 0.
8:10 of 2nd period - Sidney Crosby wins face-off versus Victor Rask in neutral zone.
8:44 of 2nd period - Icing by Duncan Keith.
8:45 of 2nd period - Sidney Crosby wins face-off versus Joe Pavelski in Stars zone.
8:56 of 2nd period - Shot by Jakub Voracek.
8:56 of 2nd period - Deflect By Sidney Crosby.
8:56 of 2nd period - Shot Misses the Net.
9:15 of 2nd period - Mikael Granlund is hit by Nikita Nesterov.
9:22 of 2nd period - Off-side.
9:23 of 2nd period - Zemgus Girgensons wins face-off versus Devin Shore in neutral zone.
9:35 of 2nd period - Shot by Daniel Sedin.
9:35 of 2nd period - Deflect By Zemgus Girgensons.
9:35 of 2nd period - Stopped by Jonathan Quick with a rebound.
9:45 of 2nd period - Shot by Daniel Sedin.
9:45 of 2nd period - Shot Misses the Net.
9:53 of 2nd period - Shot by Daniel Sedin.
9:53 of 2nd period - Stopped by Jonathan Quick without a rebound.
9:54 of 2nd period - Victor Rask wins face-off versus Joel Vermin in Stars zone.
10:23 of 2nd period - Victor Rask is hit by Nikita Nesterov and loses puck.
10:39 of 2nd period - Off-side.
10:40 of 2nd period - Paul Stastny wins face-off versus Joe Pavelski in neutral zone.
11:15 of 2nd period - Off-side.
11:16 of 2nd period - Devin Shore wins face-off versus Zemgus Girgensons in neutral zone.
11:16 of 2nd period - John Klingberg is hit by Colton Sceviour and loses puck.
11:29 of 2nd period - Shot by John Mitchell.
11:29 of 2nd period - Deflect By Jonny Brodzinski.
11:29 of 2nd period - Stopped by Henrik Lundqvist without a rebound.
11:30 of 2nd period - Victor Rask wins face-off versus Sidney Crosby in Kings zone.
11:38 of 2nd period - Icing by Fedor Tyutin.
11:39 of 2nd period - Sidney Crosby wins face-off versus Victor Rask in Kings zone.
12:16 of 2nd period - Icing by Andrei Markov.
12:17 of 2nd period - Victor Rask wins face-off versus Paul Stastny in Kings zone.
12:41 of 2nd period - Shot by Mikael Granlund.
12:41 of 2nd period - Deflect By Joe Pavelski.
12:41 of 2nd period - Stopped by Jonathan Quick without a rebound.
12:42 of 2nd period - Zemgus Girgensons wins face-off versus Jonny Brodzinski in Stars zone.
12:51 of 2nd period - Shot by Daniel Sedin.
12:51 of 2nd period - Shot Misses the Net.
13:03 of 2nd period - Shot by Zemgus Girgensons.
13:03 of 2nd period - Stopped by Jonathan Quick with a rebound.
13:07 of 2nd period - Shot by Daniel Sedin.
13:07 of 2nd period - Stopped by Jonathan Quick without a rebound.
13:08 of 2nd period - Sidney Crosby wins face-off versus Joe Pavelski in Stars zone.
15:27 of 2nd period - Shot by Tomas Tatar.
15:27 of 2nd period - Deflect By Victor Rask.
15:27 of 2nd period - Stopped by Jonathan Quick without a rebound.
15:28 of 2nd period - Joe Pavelski wins face-off versus Sidney Crosby in Stars zone.
15:31 of 2nd period - Shot by Mikael Granlund.
15:31 of 2nd period - Stopped by Jonathan Quick without a rebound.
15:32 of 2nd period - Sidney Crosby wins face-off versus Patrik Berglund in Stars zone.
15:55 of 2nd period - Shot by Joe Pavelski.
15:55 of 2nd period - Stopped by Jonathan Quick without a rebound.
15:56 of 2nd period - Victor Rask wins face-off versus Paul Stastny in Stars zone.
15:57 of 2nd period - Shot by Tomas Tatar.
15:57 of 2nd period - Stopped by Jonathan Quick with a rebound.
16:13 of 2nd period - Shot by Paul Stastny.
16:13 of 2nd period - Stopped by Henrik Lundqvist without a rebound.
16:14 of 2nd period - Sidney Crosby wins face-off versus Joe Pavelski in Kings zone.
16:33 of 2nd period - Shot by Mikael Granlund.
16:33 of 2nd period - Stopped by Jonathan Quick without a rebound.
16:34 of 2nd period - Paul Stastny wins face-off versus Victor Rask in Stars zone.
16:34 of 2nd period - Paul Stastny is hit by Austin Watson.
17:06 of 2nd period - Shot by Austin Watson.
17:06 of 2nd period - Deflect By Tomas Tatar.
17:06 of 2nd period - Stopped by Jonathan Quick without a rebound.
17:07 of 2nd period - Sidney Crosby wins face-off versus Joe Pavelski in Stars zone.
17:39 of 2nd period - Joe Pavelski is hit by Zdeno Chara and loses puck.
18:25 of 2nd period - Daniel Sedin is hit by John Klingberg and loses puck.
18:36 of 2nd period - Shot by Devin Shore.
18:36 of 2nd period - Stopped by Henrik Lundqvist without a rebound.
18:37 of 2nd period - Paul Stastny wins face-off versus Victor Rask in Kings zone.
18:45 of 2nd period - Shot by Paul Byron.
18:45 of 2nd period - Stopped by Henrik Lundqvist without a rebound.
18:46 of 2nd period - Paul Stastny wins face-off versus Derek MacKenzie in Kings zone.
18:59 of 2nd period - Shot by Paul Byron.
18:59 of 2nd period - Shot Misses the Net.
19:03 of 2nd period - Shot by Tommy Wingels.
19:03 of 2nd period - Shot Misses the Net.
19:05 of 2nd period - Shot by Tommy Wingels.
19:05 of 2nd period - Stopped by Henrik Lundqvist without a rebound.
19:06 of 2nd period - Sidney Crosby wins face-off versus Victor Rask in Kings zone.
19:17 of 2nd period - Shot by Austin Watson.
19:17 of 2nd period - Stopped by Jonathan Quick without a rebound.
19:18 of 2nd period - Joe Pavelski wins face-off versus Devin Shore in Stars zone.
19:18 of 2nd period - Andrei Markov is hit by Duncan Keith and loses puck.
19:52 of 2nd period - Icing by Jonny Brodzinski.
19:53 of 2nd period - Devin Shore wins face-off versus Zemgus Girgensons in Stars zone.
Goals for this period are 1 for Kings vs 0 for Stars.
Shots for this period are 19 for Kings vs 11 for Stars.

3rd period


0:01 of 3rd period - Joe Pavelski wins face-off versus Jonathan Huberdeau in neutral zone.
0:17 of 3rd period - Shot by Joe Pavelski.
0:17 of 3rd period - Deflect By Patrik Berglund.
0:17 of 3rd period - Shot Misses the Net.
1:34 of 3rd period - Icing by Jonathan Huberdeau.
1:35 of 3rd period - Victor Rask wins face-off versus Sidney Crosby in Stars zone.
1:36 of 3rd period - Shot by Tomas Tatar.
1:36 of 3rd period - Shot Misses the Net.
1:56 of 3rd period - Shot by John Klingberg.
1:56 of 3rd period - Shot Blocked by Stephen Johns.
2:31 of 3rd period - Patrik Berglund is hit by Tommy Wingels and loses puck.
2:52 of 3rd period - Shot by Devin Shore.
2:52 of 3rd period - Stopped by Henrik Lundqvist without a rebound.
2:53 of 3rd period - Zemgus Girgensons wins face-off versus Devin Shore in Kings zone.
4:06 of 3rd period - Icing by Devin Shore.
4:07 of 3rd period - Devin Shore wins face-off versus Derek MacKenzie in Stars zone.
4:07 of 3rd period - Devin Shore is hit by Joel Armia.
4:33 of 3rd period - Victor Hedman is hit by Derek MacKenzie and loses puck.
5:18 of 3rd period - Shot by Tomas Tatar.
5:18 of 3rd period - Deflect By Victor Rask.
5:18 of 3rd period - Shot Misses the Net.
5:30 of 3rd period - Shot by Tomas Tatar.
5:30 of 3rd period - Stopped by Jonathan Quick without a rebound.
5:31 of 3rd period - Sidney Crosby wins face-off versus Tomas Tatar in Stars zone.
6:28 of 3rd period - Shot by Paul Stastny.
6:28 of 3rd period - Shot Blocked by Dan Hamhuis.
6:58 of 3rd period - Icing by Joel Vermin.
6:59 of 3rd period - Sidney Crosby wins face-off versus Joe Pavelski in Stars zone.
7:16 of 3rd period - Joe Pavelski is hit by Michael Bournival.
7:36 of 3rd period - Icing by Stephen Johns.
7:37 of 3rd period - Joe Pavelski wins face-off versus Jonny Brodzinski in Kings zone.
7:37 of 3rd period - Joe Pavelski is hit by Devin Shore.
8:11 of 3rd period - Shot by Victor Hedman.
8:11 of 3rd period - Stopped by Henrik Lundqvist without a rebound.
8:12 of 3rd period - Paul Stastny wins face-off versus Victor Rask in Kings zone.
8:19 of 3rd period - Shot by Paul Stastny.
8:19 of 3rd period - Goal by Paul Stastny - Kings : 2 - Stars : 1.
8:20 of 3rd period - Paul Stastny wins face-off versus Victor Rask in neutral zone.
9:37 of 3rd period - Shot by Sidney Crosby.
9:37 of 3rd period - Shot Blocked by Kevin Gravel.
10:21 of 3rd period - Icing by Daniel Sedin.
10:22 of 3rd period - Devin Shore wins face-off versus Zemgus Girgensons in Kings zone.
11:26 of 3rd period - Shot by Paul Stastny.
11:26 of 3rd period - Stopped by Henrik Lundqvist with a rebound.
12:14 of 3rd period - Shot by Patrik Berglund.
12:14 of 3rd period - Stopped by Jonathan Quick without a rebound.
12:15 of 3rd period - Sidney Crosby wins face-off versus Joe Pavelski in Stars zone.
14:04 of 3rd period - Shot by Sidney Crosby.
14:04 of 3rd period - Stopped by Henrik Lundqvist without a rebound.
14:05 of 3rd period - Paul Stastny wins face-off versus Derek MacKenzie in Kings zone.
14:27 of 3rd period - Shot by Joel Armia.
14:27 of 3rd period - Shot Misses the Net.
14:29 of 3rd period - Shot by Joel Armia.
14:29 of 3rd period - Deflect By Derek MacKenzie.
14:29 of 3rd period - Shot Misses the Net.
14:51 of 3rd period - Shot by Sidney Crosby.
14:51 of 3rd period - Stopped by Henrik Lundqvist without a rebound.
14:52 of 3rd period - Zemgus Girgensons wins face-off versus Sidney Crosby in Kings zone.
16:02 of 3rd period - Shot by Devin Shore.
16:02 of 3rd period - Shot Misses the Net.
16:37 of 3rd period - Shot by Victor Hedman.
16:37 of 3rd period - Shot Misses the Net.
17:03 of 3rd period - Shot by Paul Byron.
17:03 of 3rd period - Goal by Paul Byron - Kings : 2 - Stars : 2.
17:04 of 3rd period - Sidney Crosby wins face-off versus Colton Sceviour in neutral zone.
17:17 of 3rd period - Shot by Sidney Crosby.
17:17 of 3rd period - Shot Misses the Net.
17:35 of 3rd period - Shot by Jonathan Huberdeau.
17:35 of 3rd period - Stopped by Henrik Lundqvist without a rebound.
17:36 of 3rd period - Victor Rask wins face-off versus Paul Stastny in Kings zone.
17:41 of 3rd period - Paul Stastny is hit by Austin Watson and loses puck.
18:26 of 3rd period - Icing by Jason Demers.
18:27 of 3rd period - Derek MacKenzie wins face-off versus Devin Shore in Stars zone.
19:31 of 3rd period - Jonathan Huberdeau is hit by Dan Hamhuis.
19:38 of 3rd period - Sidney Crosby is hit by Mark Stuart.
Goals for this period are 0 for Kings vs 2 for Stars.
Shots for this period are 2 for Kings vs 8 for Stars.

Overtime #1


0:01 of 1st overtime period - Sidney Crosby wins face-off versus Joe Pavelski in neutral zone.
0:04 of 1st overtime period - Shot by Jakub Voracek.
0:04 of 1st overtime period - Stopped by Henrik Lundqvist without a rebound.
0:05 of 1st overtime period - Sidney Crosby wins face-off versus Joe Pavelski in Kings zone.
0:09 of 1st overtime period - Icing by Fedor Tyutin.
0:10 of 1st overtime period - Joe Pavelski wins face-off versus Jonathan Huberdeau in Kings zone.
1:56 of 1st overtime period - Shot by Paul Stastny.
1:56 of 1st overtime period - Stopped by Henrik Lundqvist with a rebound.
1:58 of 1st overtime period - Shot by Victor Hedman.
1:58 of 1st overtime period - Stopped by Henrik Lundqvist without a rebound.
1:59 of 1st overtime period - Joe Pavelski wins face-off versus Sidney Crosby in Kings zone.
3:08 of 1st overtime period - Shot by Victor Hedman.
3:08 of 1st overtime period - Stopped by Henrik Lundqvist with a rebound.
4:29 of 1st overtime period - Shot by Devin Shore.
4:29 of 1st overtime period - Deflect By Paul Byron.
4:29 of 1st overtime period - Shot Misses the Net.
4:35 of 1st overtime period - Shot by Tomas Tatar.
4:35 of 1st overtime period - Goal by Tomas Tatar - Kings : 3 - Stars : 2.
Goals for this period are 1 for Kings vs 0 for Stars.
Shots for this period are 1 for Kings vs 4 for Stars.